 Dungeon Crawl Stone Soup version 0.31-a0-182-gc5ef74bbde (webtiles) character file.

Game seed: 5132961122172938994

11216 qw the Skirmisher (level 11, -11/106 HPs)
             Began as a Naga Hunter on June 20, 2023.
             Was a Priest of Okawaru.
             Mangled by a cane toad (19 damage)
             ... on level 1 of the Lair of Beasts.
             The game lasted 00:04:01 (10306 turns).

qw the Skirmisher (Naga Hunter)                    Turns: 10306, Time: 00:04:02

Health: -11/106    AC: 13    Str: 13    XL:     11   Next: 74%
Magic:  13/14      EV: 15    Int: 14    God:    Okawaru [***...]
Gold:   444        SH:  0    Dex: 18    Spells: 10/10 levels left

rFire   + . .        r - +0 arbalest (heavy)
rCold   + . .        (shield currently unavailable)
rNeg    . . .        v - +0 troll leather armour
rPois   +            (no helmet)
rElec   .            k - +0 cloak
rCorr   .            n - +0 pair of gloves
SInv    +            (no barding)
Will    +....        l - amulet of faith
Stlth   ++++         i - ring "Bollocue" {rF+ AC+4 Int+3 Stlth+}
HPRegen 1.17/turn    b - ring of protection from cold
MPRegen 0.14/turn

%: faith
@: lethally poisoned (-11 -> -22), about to teleport, heroic, very slow
A: AC +3, large, see invisible, deformed body, poison resistance, slowness 2,
spit poison 1, naga tail 1
a: Spit Poison, Renounce Religion, Heroism


You were on level 1 of the Lair of Beasts.
You worshipped Okawaru.
Okawaru was most pleased with you.
You visited 3 branches of the dungeon, and saw 12 of its levels.

You collected 444 gold pieces.


Innate Abilities, Weirdness & Mutations

Your serpentine skin is tough. (AC +3)
You have supernaturally acute eyesight. (SInv)
Armour fits poorly on your strangely shaped body.
Your system is resistant to poisons. (rPois)
You cover ground very slowly.
You can spit poison.
You have a snake-like lower body.


   Skills:
 - Level 9.0(14.0) Fighting
 + Level 13.4(18.4) Ranged Weapons
 - Level 2.2(7.2) Armour
 - Level 5.2(10.2) Dodging
 - Level 1.5(6.5) Stealth
 - Level 4.1 Invocations


You had 10 spell levels left.
You didn't know any spells.
Your spell library was empty.

Inventory:

Hand Weapons
 r - a +0 heavy arbalest (weapon)
Armour
 k - a +0 cloak (worn)
 n - a +0 pair of gloves (worn)
 v - a +0 troll leather armour (worn)
 w - the +1 robe "Daocadghua" {rF+ rC+ Int+3}
   (You took it off a kobold on level 10 of the Dungeon)

   Int:       It affects your intelligence (+3).
   rF:        It protects you from fire.
   rC:        It protects you from cold.
Jewellery
 b - a ring of protection from cold (right hand)
 i - the ring "Bollocue" (left hand) {rF+ AC+4 Int+3 Stlth+}
   (You found it on level 2 of the Dungeon)

   [ring of protection]

   AC:        It affects your AC (+4).
   Int:       It affects your intelligence (+3).
   rF:        It protects you from fire.
   Stlth:     It makes you more stealthy.
 l - an amulet of faith (around neck)
 m - a ring of fire
Scrolls
 a - 3 scrolls of teleportation
 e - 3 scrolls of identify
Potions
 d - 2 potions of cancellation
 f - a potion of might
 g - 4 potions of curing
 h - a potion of haste
 o - a potion of magic
 q - a potion of enlightenment
 s - a potion of mutation

Dungeon Overview and Level Annotations

Branches:
Dungeon (10/15)            Temple (1/1) D:6            Lair (1/5) D:10
    Orc (0/2) D:9

Altars:
Ashenzari
Cheibriados
Dithmenos
Elyvilon
Fedhas
Gozag
Hepliaklqana
Kikubaaqudgha
Makhleb
Nemelex Xobeh
Okawaru
Qazlal
Ru
Sif Muna
Trog
Uskayaw
Vehumet
Wu Jian
Xom
Yredelemnul
Zin
The Shining One

Annotations:
D:8 1 transporter, qw's ghost, novice NaHu


Message History

The black mamba barely misses you. The wolf closely misses you.
The black mamba bites you!
You are poisoned.
The black mamba poisons you!
You shoot a bolt.
The bolt hits the wolf but does no damage.
The wolf is lightly wounded.
You feel extremely sick. The wolf misses you.
The black mamba bites you but does no damage.
A wolf comes into view.
The wolf misses you.
The black mamba bites you but does no damage.
The cane toad stings you.
You shoot a bolt. The bolt closely misses the wolf.
The bolt hits the wolf!
The wolf is moderately wounded.
You feel very sick. The wolf bites you but does no damage.
The black mamba bites you!
You are more poisoned.
The black mamba poisons you! The wolf closely misses you.
The black mamba completely misses you. The cane toad misses you.
The wolf bites you but does no damage.
The black mamba bites you but does no damage.
The cane toad stings you.
You shoot a bolt.
The bolt hits the wolf but does no damage.
The wolf is moderately wounded.
You feel extremely sick. The wolf bites you! The black mamba bites you!
The wolf bites you. The black mamba completely misses you.
The wolf closely misses you. The cane toad misses you.
The wolf barely misses you.
The black mamba bites you but does no damage.
10306 ||| READING 4 scrolls of teleportation.
As you read the scroll of teleportation, it crumbles to dust.
You feel strangely unstable.
You have got your breath back.
You feel very sick. The wolf closely misses you.
The black mamba barely misses you. The cane toad stings you!!
You die...

.................#
................##
..##.##.P#.#..###
. #...........#
.............##
...............#
..............##
......hh....#
.##.hS@....##
#..F......#
#........##
###..#.### ######


You could see a black mamba, a cane toad and 3 wolves.

Vanquished Creatures
  A catoblepas (Lair:1)
  A two-headed ogre (D:10)
  Amaemon (D:9)
  3 cane toads (Lair:1)
  An orange demon (D:9)
  Maggie (D:6)
  2 kobold demonologists (D:10)
  A polar bear (Lair:1)
  2 trolls (D:10)
  Prince Ribbit (D:5)
  Sigmund (D:4)
  2 shadows (D:10)
  5 yaks (D:9)
  A wraith (D:10)
  Eustachio (D:5)
  A steam dragon (D:6)
  An acid dragon (D:10)
  Edmund (D:4)
  3 water moccasins
  Duvessa (D:5)
  6 orc warriors
  2 black bears (D:7)
  An ice beast (D:7)
  A sky beast (D:8)
  An ogre (D:4)
  3 centaurs
  3 phantoms
  4 kobold brigands
  Blork the orc (D:4)
  5 bullfrogs
  6 scorpions
  8 wights (D:7)
  Dowan (D:5)
  16 killer bees
  A lava snake (D:8)
  2 hounds
  3 orc priests
  A gnoll bouda (D:7)
  A jelly (D:5)
  2 sleepcaps
  Ijyb (D:5)
  Natasha (thrice) (D:4)
  5 iguanas
  5 orc wizards
  4 gnolls
  8 adders
  A shadow imp (D:7)
  2 ufetubi
  2 dart slugs
  25 orcs
  5 ball pythons
  3 endoplasms
  A giant cockroach (D:4)
  3 goblins (D:4)
  7 hobgoblins
  4 jackals
  16 kobolds
  5 quokkas
  3 bats (D:1)
  2 frilled lizards
  5 rats
209 creatures vanquished.

Vanquished Creatures (others)
  A wizard (D:6)
1 creature vanquished.

Grand Total: 210 creatures vanquished

Notes
Turn   | Place    | Note
-------+----------+-------------------------------------------
     0 | D:1      | qw the Naga Hunter began the quest for the Orb.
     0 | D:1      | Reached XP level 1. HP: 19/19 MP: 1/1
     0 | D:1      | 0 ||| qw: Version: 0.3-a-9-g12657ce
     0 | D:1      | 0 ||| qw: Game counter: 1222
     0 | D:1      | 0 ||| qw: Always use a shield: true
     0 | D:1      | 0 ||| qw: God list: Okawaru
     0 | D:1      | 0 ||| qw: Allow faded altars: false
     0 | D:1      | 0 ||| qw: Do Orc after D:15 true
     0 | D:1      | 0 ||| qw: Do second Lair branch before Depths: true
     0 | D:1      | 0 ||| qw: Lair rune preference: random
     0 | D:1      | 0 ||| qw: Plans: Normal
     0 | D:1      | 0 ||| PLANNING D:1-11
    37 | D:1      | 37 ||| INVOKING Spit Poison.
   191 | D:1      | 191 ||| INVOKING Spit Poison.
   271 | D:1      | 271 ||| INVOKING Spit Poison.
   504 | D:1      | 504 ||| INVOKING Spit Poison.
   516 | D:1      | 516 ||| INVOKING Spit Poison.
   517 | D:1      | Reached skill level 4 in Ranged Weapons
   517 | D:1      | Reached XP level 2. HP: 26/26 MP: 2/2
   544 | D:1      | 544 ||| INVOKING Spit Poison.
   581 | D:1      | 581 ||| INVOKING Spit Poison.
   632 | D:1      | 632 ||| INVOKING Spit Poison.
   677 | D:1      | 677 ||| INVOKING Spit Poison.
   711 | D:1      | 711 ||| INVOKING Spit Poison.
   768 | D:1      | 768 ||| READING scroll labelled WOICSA JICANN.
   769 | D:1      | 769 ||| READING 2 scrolls labelled SESHRI GESCHI.
   770 | D:1      | 770 ||| READING scroll labelled DOWADE VONK.
   771 | D:1      | 771 ||| DROPPING scroll of butterflies.
   859 | D:2      | 859 ||| INVOKING Spit Poison.
   861 | D:2      | 861 ||| STAIRDANCE
   863 | D:1      | 863 ||| INVOKING Spit Poison.
   865 | D:1      | Reached XP level 3. HP: 30/32 MP: 3/3
   901 | D:2      | 901 ||| INVOKING Spit Poison.
   927 | D:2      | Found a faded altar of an unknown god.
   932 | D:2      | 932 ||| INVOKING Spit Poison.
   936 | D:2      | 936 ||| INVOKING Spit Poison.
  1013 | D:2      | 1013 ||| INVOKING Spit Poison.
  1035 | D:2      | 1035 ||| INVOKING Spit Poison.
  1041 | D:2      | 1041 ||| INVOKING Spit Poison.
  1044 | D:2      | 1044 ||| INVOKING Spit Poison.
  1054 | D:2      | Identified the ring "Bollocue" {rF+ AC+4 Int+3 Stlth+}
  1164 | D:2      | 1164 ||| UPGRADING to +0 cloak.
  1169 | D:2      | 1169 ||| UPGRADING to ring "Bollocue" {rF+ AC+4 Int+3
                  | Stlth+}.
  1170 | D:2      | 1170 ||| READING 2 scrolls labelled DUMAXOBOFO.
  1173 | D:2      | 1173 ||| READING scroll labelled TEGHER BUSAQEDGH.
  1174 | D:2      | 1174 ||| READING scroll labelled FOKHEBL JIFFO.
  1175 | D:2      | 1175 ||| READING scroll labelled PODEIXT JESEO.
  1176 | D:2      | 1176 ||| READING scroll labelled WALIZOJOITS.
  1177 | D:2      | 1177 ||| DRINKING 2 brown potions.
  1178 | D:2      | 1178 ||| DROPPING potion of magic.
  1217 | D:3      | 1217 ||| INVOKING Spit Poison.
  1221 | D:3      | 1221 ||| INVOKING Spit Poison.
  1522 | D:3      | 1522 ||| INVOKING Spit Poison.
  1570 | D:3      | 1570 ||| INVOKING Spit Poison.
  1573 | D:3      | Reached skill level 5 in Ranged Weapons
  1657 | D:3      | 1657 ||| INVOKING Spit Poison.
  1658 | D:3      | Reached XP level 4. HP: 39/39 MP: 4/4
  1779 | D:3      | 1779 ||| READING scroll labelled ARIYHA YRESSU.
  1880 | D:3      | 1880 ||| DRINKING 2 lumpy orange potions.
  1905 | D:4      | Noticed an ogre
  1908 | D:4      | 1908 ||| INVOKING Spit Poison.
  1912 | D:4      | 1912 ||| INVOKING Spit Poison.
  1914 | D:4      | Killed an ogre
  1915 | D:4      | Reached skill level 3 in Fighting
  1915 | D:4      | Reached XP level 5. HP: 19/50 MP: 5/5
  2051 | D:4      | Noticed Blork the orc
  2052 | D:4      | 2052 ||| INVOKING Spit Poison.
  2055 | D:4      | Killed Blork the orc
  2056 | D:4      | 2056 ||| INVOKING Spit Poison.
  2074 | D:4      | 2074 ||| INVOKING Spit Poison.
  2075 | D:4      | Noticed a phantom
  2087 | D:4      | Killed a phantom
  2088 | D:4      | Reached skill level 6 in Ranged Weapons
  2088 | D:4      | Reached XP level 6. HP: 53/57 MP: 6/6
  2123 | D:4      | 2123 ||| SWAPPING to +0 orcbow.
  2124 | D:4      | 2124 ||| DROPPING +1 shortbow of flaming.
  2147 | D:4      | 2147 ||| INVOKING Spit Poison.
  2152 | D:4      | 2152 ||| INVOKING Spit Poison.
  2242 | D:4      | Noticed Natasha
  2243 | D:4      | 2243 ||| INVOKING Spit Poison.
  2247 | D:4      | 2247 ||| INVOKING Spit Poison.
  2248 | D:4      | Killed Natasha
  2268 | D:4      | Noticed Sigmund
  2270 | D:4      | 2270 ||| INVOKING Spit Poison.
  2274 | D:4      | Killed Sigmund
  2275 | D:4      | Reached XP level 7. HP: 59/64 MP: 7/7
  2303 | D:4      | Noticed Edmund
  2304 | D:4      | 2304 ||| INVOKING Spit Poison.
  2308 | D:4      | 2308 ||| INVOKING Spit Poison.
  2313 | D:4      | Killed Edmund
  2314 | D:4      | Reached skill level 7 in Ranged Weapons
  2517 | D:4      | 2517 ||| INVOKING Spit Poison.
  2544 | D:4      | 2544 ||| INVOKING Spit Poison.
  2624 | D:4      | 2624 ||| INVOKING Spit Poison.
  2627 | D:4      | 2627 ||| INVOKING Spit Poison.
  2648 | D:4      | 2648 ||| INVOKING Spit Poison.
  2658 | D:4      | Noticed Natasha
  2659 | D:4      | 2659 ||| INVOKING Spit Poison.
  2662 | D:4      | Killed Natasha
  2667 | D:4      | 2667 ||| INVOKING Spit Poison.
  2672 | D:4      | Reached XP level 8. HP: 66/72 MP: 8/8
  2678 | D:4      | Reached skill level 8 in Ranged Weapons
  2707 | D:4      | Noticed Natasha
  2708 | D:4      | 2708 ||| INVOKING Spit Poison.
  2710 | D:4      | Killed Natasha
  2751 | D:4      | 2751 ||| INVOKING Spit Poison.
  2754 | D:4      | 2754 ||| INVOKING Spit Poison.
  3023 | D:4      | 3023 ||| UPGRADING to amulet of faith.
  3028 | D:4      | 3028 ||| READING scroll labelled POTHOMAYGAN.
  3029 | D:4      | 3029 ||| READING 2 scrolls of identify.
  3029 | D:4      | 3029 ||| IDENTIFYING cyan potion
  3064 | D:5      | Entered Level 5 of the Dungeon
  3087 | D:5      | You fall into a shaft and drop 1 floor!
  3103 | D:6      | 3103 ||| INVOKING Spit Poison.
  3109 | D:6      | 3109 ||| INVOKING Spit Poison.
  3135 | D:6      | 3135 ||| INVOKING Spit Poison.
  3140 | D:6      | 3140 ||| INVOKING Spit Poison.
  3143 | D:6      | 3143 ||| INVOKING Spit Poison.
  3213 | D:6      | Found a bloodstained altar of Trog.
  3222 | D:6      | Noticed a wizard
  3223 | D:6      | Killed a wizard
  3261 | D:6      | 3261 ||| INVOKING Spit Poison.
  3266 | D:6      | 3266 ||| INVOKING Spit Poison.
  3332 | D:6      | 3332 ||| INVOKING Spit Poison.
  3337 | D:6      | 3337 ||| INVOKING Spit Poison.
  3379 | D:6      | 3379 ||| INVOKING Spit Poison.
  3382 | D:6      | 3382 ||| INVOKING Spit Poison.
  3385 | D:6      | 3385 ||| INVOKING Spit Poison.
  3437 | D:6      | Found a hazy altar of Hepliaklqana.
  3437 | D:6      | Found a sacrificial altar of Ru.
  3444 | D:6      | Found a burning altar of Makhleb.
  3445 | D:6      | 3445 ||| INVOKING Spit Poison.
  3446 | D:6      | 3446 ||| INVOKING Spit Poison.
  3452 | D:6      | 3452 ||| INVOKING Spit Poison.
  3495 | D:6      | Found an ornate altar of the Wu Jian Council.
  3497 | D:6      | Found a broken altar of Ashenzari.
  3543 | D:6      | 3543 ||| INVOKING Spit Poison.
  3566 | D:6      | 3566 ||| DROPPING ring of magical power.
  3567 | D:6      | 3567 ||| READING 4 scrolls of identify.
  3567 | D:6      | 3567 ||| IDENTIFYING fizzy orange potion
  3568 | D:6      | 3568 ||| READING 3 scrolls of identify.
  3568 | D:6      | 3568 ||| IDENTIFYING inky potion
  3569 | D:6      | 3569 ||| READING 2 scrolls of identify.
  3569 | D:6      | 3569 ||| IDENTIFYING grey potion
  3570 | D:6      | 3570 ||| DROPPING potion of degeneration.
  3577 | D:5      | Noticed Prince Ribbit
  3579 | D:5      | 3579 ||| INVOKING Spit Poison.
  3586 | D:5      | 3586 ||| INVOKING Spit Poison.
  3592 | D:5      | 3592 ||| INVOKING Spit Poison.
  3594 | D:5      | Killed Prince Ribbit
  3595 | D:5      | Reached skill level 9 in Ranged Weapons
  3620 | D:5      | 3620 ||| Stepping ~*~*~tactically~*~*~ (outnumbered).
  3621 | D:5      | 3621 ||| Stepping ~*~*~tactically~*~*~ (outnumbered).
  3622 | D:5      | 3622 ||| Stepping ~*~*~tactically~*~*~ (outnumbered).
  3623 | D:5      | 3623 ||| Stepping ~*~*~tactically~*~*~ (outnumbered).
  3624 | D:5      | 3624 ||| Stepping ~*~*~tactically~*~*~ (outnumbered).
  3625 | D:5      | 3625 ||| INVOKING Spit Poison.
  3629 | D:5      | 3629 ||| INVOKING Spit Poison.
  3630 | D:5      | Reached skill level 1 in Armour
  3633 | D:5      | 3633 ||| INVOKING Spit Poison.
  3759 | D:5      | 3759 ||| INVOKING Spit Poison.
  3765 | D:5      | 3765 ||| INVOKING Spit Poison.
  3795 | D:5      | 3795 ||| INVOKING Spit Poison.
  3799 | D:5      | 3799 ||| INVOKING Spit Poison.
  3860 | D:5      | 3860 ||| INVOKING Spit Poison.
  3862 | D:5      | Reached XP level 9. HP: 82/82 MP: 9/9
  3895 | D:5      | 3895 ||| INVOKING Spit Poison.
  3896 | D:5      | Noticed Duvessa
  3898 | D:5      | Noticed Dowan
  3901 | D:5      | 3901 ||| INVOKING Spit Poison.
  3907 | D:5      | 3907 ||| INVOKING Spit Poison.
  3914 | D:5      | 3914 ||| INVOKING Spit Poison.
  3918 | D:5      | 3918 ||| INVOKING Spit Poison.
  3922 | D:5      | HP: 17/82 [Duvessa/+0 short sword (5)]
  3923 | D:5      | 3923 ||| READING 4 scrolls of teleportation.
  3923 | D:5      | HP: 8/82 [Dowan/puff of frost (7)]
  3924 | D:5      | 3924 ||| DRINKING potion of heal wounds.
  3925 | D:5      | 3925 ||| INVOKING Spit Poison.
  4003 | D:5      | 4003 ||| INVOKING Spit Poison.
  4130 | D:5      | 4130 ||| INVOKING Spit Poison.
  4132 | D:5      | Killed Dowan
  4133 | D:5      | Reached skill level 3 in Dodging
  4138 | D:5      | 4138 ||| INVOKING Spit Poison.
  4141 | D:5      | 4141 ||| INVOKING Spit Poison.
  4146 | D:5      | 4146 ||| INVOKING Spit Poison.
  4146 | D:5      | Killed Duvessa
  4147 | D:5      | Reached skill level 6 in Fighting
  4215 | D:5      | 4215 ||| INVOKING Spit Poison.
  4374 | D:5      | 4374 ||| INVOKING Spit Poison.
  4377 | D:5      | 4377 ||| INVOKING Spit Poison.
  4387 | D:5      | 4387 ||| INVOKING Spit Poison.
  4390 | D:5      | 4390 ||| INVOKING Spit Poison.
  4393 | D:5      | 4393 ||| INVOKING Spit Poison.
  4419 | D:5      | 4419 ||| INVOKING Spit Poison.
  4485 | D:5      | Noticed Eustachio
  4486 | D:5      | 4486 ||| INVOKING Spit Poison.
  4490 | D:5      | 4490 ||| INVOKING Spit Poison.
  4491 | D:5      | Killed Eustachio
  4708 | D:5      | Noticed Ijyb
  4712 | D:5      | 4712 ||| INVOKING Spit Poison.
  4719 | D:5      | 4719 ||| INVOKING Spit Poison.
  4721 | D:5      | Killed Ijyb
  4760 | D:5      | 4760 ||| UPGRADING to +0 pair of gloves.
  4765 | D:5      | 4765 ||| UPGRADING to +1 leather armour of poison
                  | resistance.
  4775 | D:5      | 4775 ||| DROPPING +0 leather armour.
  4776 | D:5      | 4776 ||| UPGRADING to ring of protection from cold.
  4777 | D:5      | 4777 ||| DROPPING ring of ice.
  4778 | D:5      | 4778 ||| READING scroll labelled SAQUJI BEUVVILUMN.
  4779 | D:5      | 4779 ||| READING 3 scrolls of identify.
  4779 | D:5      | 4779 ||| IDENTIFYING fuming ruby potion
  4780 | D:5      | 4780 ||| READING 2 scrolls of identify.
  4780 | D:5      | 4780 ||| IDENTIFYING smoky sapphire potion
  4781 | D:5      | 4781 ||| DROPPING potion of berserk rage.
  4794 | D:6      | Found a staircase to the Ecumenical Temple.
  4795 | D:6      | 4795 ||| PLANNING TEMPLE
  4808 | Temple   | Entered the Ecumenical Temple
  4808 | Temple   | Found a transporter.
  4808 | Temple   | Found a transporter.
  4810 | Temple   | Found a transporter.
  4810 | Temple   | Found a transporter.
  4820 | Temple   | 4820 ||| PLANNING D:1-11
  4823 | Temple   | 4823 ||| PLANNING OKAWARU WORSHIP
  4827 | Temple   | Became a worshipper of Warmaster Okawaru
  4828 | Temple   | 4828 ||| PLANNING D:1-11
  4888 | D:6      | 4888 ||| INVOKING Spit Poison.
  4891 | D:6      | 4891 ||| INVOKING Spit Poison.
  4935 | D:6      | 4935 ||| INVOKING Spit Poison.
  4969 | D:6      | Noticed Maggie
  4970 | D:6      | 4970 ||| INVOKING Spit Poison.
  4975 | D:6      | 4975 ||| INVOKING Spit Poison.
  4980 | D:6      | 4980 ||| INVOKING Spit Poison.
  4984 | D:6      | 4984 ||| INVOKING Spit Poison.
  4994 | D:6      | 4994 ||| FLEEEEING.
  4995 | D:6      | 4995 ||| FLEEEEING.
  4996 | D:6      | 4996 ||| FLEEEEING.
  4998 | D:6      | 4998 ||| INVOKING Spit Poison.
  5002 | D:6      | HP: 18/84 [Maggie/+0 halberd of flaming (8)]
  5003 | D:6      | 5003 ||| READING 3 scrolls of teleportation.
  5004 | D:6      | 5004 ||| INVOKING Spit Poison.
  5281 | D:6      | 5281 ||| INVOKING Spit Poison.
  5284 | D:6      | Killed Maggie
  5285 | D:6      | Reached skill level 10 in Ranged Weapons
  5433 | D:6      | 5433 ||| INVOKING Spit Poison.
  5439 | D:6      | 5439 ||| INVOKING Spit Poison.
  5534 | D:6      | 5534 ||| UPGRADING to +0 steam dragon scales.
  5544 | D:6      | 5544 ||| DROPPING +1 leather armour of poison resistance.
  5697 | D:7      | 5697 ||| INVOKING Spit Poison.
  5698 | D:7      | Reached * piety under Okawaru
  5704 | D:7      | 5704 ||| INVOKING Spit Poison.
  5706 | D:7      | 5706 ||| INVOKING Heroism.
  5710 | D:7      | 5710 ||| INVOKING Spit Poison.
  5714 | D:7      | 5714 ||| INVOKING Spit Poison.
  5716 | D:7      | Reached skill level 1 in Invocations
  5721 | D:7      | 5721 ||| INVOKING Heroism.
  5723 | D:7      | 5723 ||| INVOKING Spit Poison.
  5800 | D:7      | 5800 ||| INVOKING Heroism.
  5801 | D:7      | 5801 ||| INVOKING Spit Poison.
  5808 | D:7      | 5808 ||| INVOKING Spit Poison.
  5817 | D:7      | Reached XP level 10. HP: 56/94 MP: 8/11
  5817 | D:7      | 5817 ||| INVOKING Heroism.
  6000 | D:7      | 6000 ||| INVOKING Spit Poison.
  6008 | D:7      | 6008 ||| INVOKING Spit Poison.
  6013 | D:7      | 6013 ||| INVOKING Spit Poison.
  6221 | D:7      | 6221 ||| INVOKING Spit Poison.
  6225 | D:7      | 6225 ||| INVOKING Spit Poison.
  6229 | D:7      | Reached skill level 11 in Ranged Weapons
  6229 | D:7      | Reached skill level 3 in Invocations
  6458 | D:7      | 6458 ||| INVOKING Spit Poison.
  6462 | D:7      | 6462 ||| Stepping ~*~*~tactically~*~*~ (outnumbered).
  6464 | D:7      | 6464 ||| INVOKING Spit Poison.
  6469 | D:7      | 6469 ||| INVOKING Heroism.
  6472 | D:7      | 6472 ||| Stepping ~*~*~tactically~*~*~ (outnumbered).
  6473 | D:7      | 6473 ||| INVOKING Spit Poison.
  6477 | D:7      | 6477 ||| INVOKING Spit Poison.
  6612 | D:7      | 6612 ||| SWAPPING to +0 arbalest.
  6613 | D:7      | 6613 ||| DROPPING +0 orcbow.
  6622 | D:7      | 6622 ||| READING scroll of brand weapon.
  6622 | D:7      | 6622 ||| BRANDING +0 arbalest.
  7061 | D:7      | 7061 ||| UPGRADING to +1 robe of cold resistance.
  7071 | D:7      | 7071 ||| DRINKING 3 murky pink potions.
  7072 | D:7      | 7072 ||| READING 2 scrolls of identify.
  7072 | D:7      | 7072 ||| IDENTIFYING dark potion
  7073 | D:7      | 7073 ||| DROPPING 2 potions of brilliance.
  7153 | D:8      | 7153 ||| INVOKING Spit Poison.
  7156 | D:8      | 7156 ||| INVOKING Spit Poison.
  7160 | D:8      | 7160 ||| INVOKING Spit Poison.
  7237 | D:8      | 7237 ||| INVOKING Spit Poison.
  7241 | D:8      | 7241 ||| INVOKING Spit Poison.
  7244 | D:8      | 7244 ||| INVOKING Spit Poison.
  7247 | D:8      | 7247 ||| INVOKING Spit Poison.
  7319 | D:8      | 7319 ||| INVOKING Heroism.
  7320 | D:8      | 7320 ||| INVOKING Spit Poison.
  7339 | D:8      | 7339 ||| INVOKING Spit Poison.
  7343 | D:8      | 7343 ||| INVOKING Spit Poison.
  7344 | D:8      | Reached ** piety under Okawaru
  7345 | D:8      | 7345 ||| INVOKING Spit Poison.
  7349 | D:8      | 7349 ||| INVOKING Spit Poison.
  7351 | D:8      | 7351 ||| INVOKING Spit Poison.
  7462 | D:8      | 7462 ||| INVOKING Spit Poison.
  7465 | D:8      | 7465 ||| INVOKING Spit Poison.
  7589 | D:8      | Found a transporter.
  7609 | D:8      | Found a shimmering altar of Xom.
  7758 | D:8      | 7758 ||| INVOKING Spit Poison.
  7759 | D:8      | 7759 ||| INVOKING Heroism.
  7810 | D:8      | 7810 ||| INVOKING Heroism.
  7811 | D:8      | 7811 ||| Stepping ~*~*~tactically~*~*~ (outnumbered).
  7812 | D:8      | 7812 ||| INVOKING Spit Poison.
  7815 | D:8      | 7815 ||| INVOKING Spit Poison.
  7957 | D:8      | Noticed qw's ghost (novice NaHu)
  7959 | D:8      | Identified the +8 great mace of Demonkind {flame, Fly rC+
                  | Int-2 Dex+3}
  8031 | D:8      | 8031 ||| READING scroll labelled CADOVE VUCWA.
  8128 | D:9      | 8128 ||| INVOKING Spit Poison.
  8131 | D:9      | Found a white marble altar of Elyvilon.
  8149 | D:9      | Found a staircase to the Orcish Mines.
  8217 | D:9      | 8217 ||| INVOKING Heroism.
  8218 | D:9      | 8218 ||| INVOKING Spit Poison.
  8223 | D:9      | 8223 ||| INVOKING Spit Poison.
  8228 | D:9      | 8228 ||| INVOKING Spit Poison.
  8269 | D:9      | 8269 ||| INVOKING Spit Poison.
  8272 | D:9      | 8272 ||| INVOKING Spit Poison.
  8276 | D:9      | 8276 ||| INVOKING Spit Poison.
  8295 | D:9      | 8295 ||| INVOKING Spit Poison.
  8299 | D:9      | 8299 ||| INVOKING Spit Poison.
  8301 | D:9      | 8301 ||| INVOKING Spit Poison.
  8304 | D:9      | 8304 ||| INVOKING Spit Poison.
  8307 | D:9      | 8307 ||| INVOKING Spit Poison.
  8311 | D:9      | 8311 ||| INVOKING Spit Poison.
  8371 | D:9      | 8371 ||| INVOKING Spit Poison.
  8373 | D:9      | 8373 ||| INVOKING Spit Poison.
  8376 | D:9      | 8376 ||| INVOKING Spit Poison.
  8380 | D:9      | 8380 ||| INVOKING Spit Poison.
  8383 | D:9      | 8383 ||| INVOKING Heroism.
  8384 | D:9      | 8384 ||| INVOKING Spit Poison.
  8387 | D:9      | 8387 ||| INVOKING Spit Poison.
  8390 | D:9      | 8390 ||| INVOKING Spit Poison.
  8393 | D:9      | 8393 ||| INVOKING Spit Poison.
  8588 | D:9      | Noticed Amaemon
  8588 | D:9      | Noticed an orange demon
  8590 | D:9      | 8590 ||| INVOKING Heroism.
  8591 | D:9      | 8591 ||| INVOKING Spit Poison.
  8594 | D:9      | 8594 ||| INVOKING Spit Poison.
  8596 | D:9      | Killed Amaemon
  8596 | D:9      | Reached *** piety under Okawaru
  8597 | D:9      | Reached skill level 12 in Ranged Weapons
  8597 | D:9      | Reached XP level 11. HP: 93/103 MP: 12/14
  8599 | D:9      | 8599 ||| INVOKING Spit Poison.
  8772 | D:9      | Found an opulent altar of Gozag.
  9054 | D:10     | Entered Level 10 of the Dungeon
  9055 | D:10     | 9055 ||| INVOKING Spit Poison.
  9135 | D:10     | 9135 ||| INVOKING Heroism.
  9136 | D:10     | 9136 ||| INVOKING Spit Poison.
  9139 | D:10     | 9139 ||| INVOKING Spit Poison.
  9144 | D:10     | 9144 ||| INVOKING Spit Poison.
  9431 | D:10     | Noticed a two-headed ogre
  9432 | D:10     | 9432 ||| INVOKING Heroism.
  9434 | D:10     | 9434 ||| INVOKING Spit Poison.
  9434 | D:10     | Killed a two-headed ogre
  9435 | D:10     | Reached skill level 13 in Ranged Weapons
  9485 | D:10     | 9485 ||| INVOKING Heroism.
  9694 | D:10     | 9694 ||| INVOKING Spit Poison.
  9695 | D:10     | 9695 ||| Stepping ~*~*~tactically~*~*~ (outnumbered).
  9698 | D:10     | 9698 ||| INVOKING Spit Poison.
  9702 | D:10     | 9702 ||| INVOKING Spit Poison.
  9707 | D:10     | 9707 ||| INVOKING Spit Poison.
  9710 | D:10     | 9710 ||| INVOKING Heroism.
  9711 | D:10     | 9711 ||| INVOKING Spit Poison.
  9778 | D:10     | Identified the +1 robe "Daocadghua" {rF+ rC+ Int+3}
  9780 | D:10     | 9780 ||| Stepping ~*~*~tactically~*~*~ (outnumbered).
  9781 | D:10     | 9781 ||| Stepping ~*~*~tactically~*~*~ (outnumbered).
  9782 | D:10     | 9782 ||| Stepping ~*~*~tactically~*~*~ (outnumbered).
  9783 | D:10     | 9783 ||| INVOKING Spit Poison.
  9787 | D:10     | 9787 ||| INVOKING Spit Poison.
  9789 | D:10     | Reached skill level 9 in Fighting
  9791 | D:10     | 9791 ||| INVOKING Spit Poison.
  9818 | D:10     | 9818 ||| INVOKING Spit Poison.
  9840 | D:10     | Found a staircase to the Lair.
  9998 | D:10     | 9998 ||| PLANNING LAIR
  9998 | D:10     | 9998 ||| DROPPING +0 steam dragon scales.
  9999 | D:10     | 9999 ||| DROPPING +2 robe of positive energy.
 10000 | D:10     | 10000 ||| UPGRADING to +0 troll leather armour.
 10010 | D:10     | 10010 ||| DROPPING +1 robe of cold resistance.
 10011 | D:10     | 10011 ||| DROPPING amulet of guardian spirit.
 10012 | D:10     | 10012 ||| DRINKING 2 metallic amethyst potions.
 10013 | D:10     | 10013 ||| DRINKING 5 potions of curing.
 10013 | D:10     | 10013 ||| (to cure confusion)
 10014 | D:10     | 10014 ||| READING 4 scrolls of identify.
 10014 | D:10     | 10014 ||| IDENTIFYING blue potion
 10015 | D:10     | 10015 ||| READING 3 scrolls of identify.
 10015 | D:10     | 10015 ||| IDENTIFYING sedimented blue potion
 10016 | D:10     | 10016 ||| DROPPING potion of ambrosia.
 10017 | D:10     | 10017 ||| DROPPING potion of attraction.
 10063 | Lair:1   | Entered Level 1 of the Lair of Beasts
 10063 | Lair:1   | Noticed a catoblepas
 10064 | Lair:1   | 10064 ||| INVOKING Heroism.
 10065 | Lair:1   | 10065 ||| INVOKING Spit Poison.
 10068 | Lair:1   | 10068 ||| Stepping ~*~*~tactically~*~*~ (cloud).
 10070 | Lair:1   | 10070 ||| INVOKING Spit Poison.
 10071 | Lair:1   | 10071 ||| Stepping ~*~*~tactically~*~*~ (cloud).
 10074 | Lair:1   | 10074 ||| Stepping ~*~*~tactically~*~*~ (cloud).
 10075 | Lair:1   | 10075 ||| INVOKING Heroism.
 10076 | Lair:1   | 10076 ||| Stepping ~*~*~tactically~*~*~ (cloud).
 10077 | Lair:1   | 10077 ||| Stepping ~*~*~tactically~*~*~ (cloud).
 10078 | Lair:1   | 10078 ||| INVOKING Spit Poison.
 10079 | Lair:1   | Killed a catoblepas
 10154 | Lair:1   | 10154 ||| INVOKING Heroism.
 10180 | Lair:1   | 10180 ||| INVOKING Heroism.
 10260 | Lair:1   | 10260 ||| INVOKING Heroism.
 10273 | Lair:1   | Reached **** piety under Okawaru
 10275 | Lair:1   | 10275 ||| READING scroll labelled OROUCKOETA.
 10297 | Lair:1   | 10297 ||| INVOKING Heroism.
 10302 | Lair:1   | 10302 ||| INVOKING Spit Poison.
 10305 | Lair:1   | HP: 24/106 [wolf (8)]
 10306 | Lair:1   | 10306 ||| READING 4 scrolls of teleportation.
 10306 | Lair:1   | HP: 8/106 [poisoned by a black mamba]
 10306 | Lair:1   | Mangled by a cane toad

Levels and vault maps discovered:
D:1:      minmay_arrival_loop, layout_loops_corners, feat_on_display
D:2:      layout_basic, shapermc_ecumenical_altar_venn, st_stairs_7,
          minmay_tromino_mix6
D:3:      layout_loops_ring
D:4:      minmay_octagon_keep, layout_loops_ring, corner_web_ring,
          sigmund_edmund_badplayer, uniq_blork_the_orc, uniq_natasha
D:5:      layout_basic, uniq_duvessa, uniq_sigmund, uniq_eustachio,
          uniq_prince_ribbit1, uniq_ijyb
D:6:      layout_basic, chequers_temple_overflow_minitemple, trog_wizard,
          minmay_temple_entry_large_hall, sigmund_army, uniq_maggie
D:7:      layout_layer_cave, grunt_ministairs_9
D:8:      layout_loops_cross, mainiacjoe_overflow_small_starburst,
          gammafunk_ghost_smash, hex_medium, kennysheep_opposing_triangles
D:9:      layout_irregular_city, kennysheep_little_box, elyvilon_altar_4,
          orc_0_dummy, serial_co_window_serial, co_window_paths_a,
          co_window_paths_a, co_window_of_opportunity_a, co_window_corner_a,
          co_window_of_opportunity_a, co_window_paths_a, co_window_paths_a,
          co_window_cross_3, co_window_broadway_c, glass_columns_a, uniq_amaemon
D:10:     layout_roguey, lair_entry_dummy, hangedman_abyss_or_decor_stabs
Temple:   hellmonk_temple_divided_pantheon
Lair:1:   layout_gridlike

Skill      XL: |  1  2  3  4  5  6  7  8  9 10 11 |
---------------+----------------------------------+-----
Ranged Weapons | 4 5 6 7 9 10 12 13 | 13.4
Fighting       | 3 4 5 7 8 9 |  9.0
Dodging        | 2 3 4 5 |  5.2
Armour         | 1 2 |  2.2
Invocations    | 1 4 |  4.1
Stealth        | |  1.5

Action                     |  1- 3 |  4- 6 |  7- 9 | 10-12 || total
---------------------------+-------+-------+-------+-------++-------
   Fire: Shortbow          |    27 |    24 |       |       ||    51
         Orcbow            |       |    16 |   332 |    36 ||   384
         Arbalest          |       |       |       |   163 ||   163
 Invoke: Heroism           |       |       |     3 |    18 ||    21
Ability: Spit Poison       |    24 |    10 |    79 |    69 ||   182
    Use: Scroll            |     8 |     1 |    10 |     7 ||    26
         Potion            |     1 |     1 |     1 |     3 ||     6
 Armour: Leather armour    |     4 |    10 |    94 |       ||   108
         Steam dragon scal |       |       |    15 |     6 ||    21
         Robe              |       |       |       |    90 ||    90
         Troll leather arm |       |       |       |    11 ||    11
  Dodge: Dodged            |    13 |    10 |   136 |   186 ||   345

Table legend:
 A = Non-vault XP
 B = Vault XP
 C = Vault XP percentage of total XP
 D = Non-vault monster count
 E = Vault monster count
 F = Vault count percentage of total count
                 A         B        C        D         E       F
            +---------+---------+-------+---------+---------+-------
      Total |   12284 |    3739 |  23.3 |     167 |      42 |  20.1
            +---------+---------+-------+---------+---------+-------
        D:1 |      38 |       0 |   0.0 |      16 |       0 |   0.0
        D:2 |       8 |      18 |  69.2 |       4 |       5 |  55.6
        D:3 |      21 |       0 |   0.0 |       6 |       0 |   0.0
        D:4 |     472 |     727 |  60.6 |      14 |      17 |  54.8
        D:5 |     457 |     699 |  60.5 |      19 |       5 |  20.8
        D:6 |     834 |     412 |  33.1 |      15 |       3 |  16.7
        D:7 |    1679 |     168 |   9.1 |      22 |       5 |  18.5
        D:8 |     956 |     541 |  36.1 |      16 |       4 |  20.0
        D:9 |    1688 |    1174 |  41.0 |      26 |       3 |  10.3
       D:10 |    3435 |       0 |   0.0 |      22 |       0 |   0.0
     Lair:1 |    2696 |       0 |   0.0 |       7 |       0 |   0.0
            +---------+---------+-------+---------+---------+-------
